[Event "ICC tourney 1877 (15 10)"]
[Site "Internet Chess Club"]
[Date "2020.06.14"]
[Round "5"]
[White "wolfemonster"]
[Black "Sanyi9Pakh"]
[Result "0-1"]
[ICCResult "White resigns"]
[WhiteElo "1393"]
[BlackElo "1507"]
[Opening "QGD Slav: 3.Nf3"]
[ECO "D11"]
[NIC "SL.01"]
[Time "17:40:53"]
[TimeControl "900+10"]

1. d4 d5 2. c4 c6 3. Nf3 Nf6 4. g3 dxc4 5. Bg2 Bf5 6. Ne5 Nbd7 7. Nxc4 Nb6
8. Ne5 Nbd7 9. Bf4 e6 10. Nc3 Nxe5 11. Bxe5 Bd6 12. Bxd6 Qxd6 13. e4 O-O-O
14. exf5 exf5 15. O-O h5 16. Rc1 h4 17. d5 hxg3 18. fxg3 Ng4 19. Qd4 Rxh2
20. Rf4 Qh6 21. Rc2 Re8 22. Rxg4 fxg4 23. Qxg4+ Kb8 24. Qf4+ Qxf4 25. gxf4
Rh6 26. dxc6 bxc6 27. Ne4 Rg6 28. Kf2 Rxg2+ 29. Kxg2 Rxe4 30. Kf3 Re6 31.
Rg2 g6 32. f5 Rf6 33. Ke4 Rxf5 34. Rh2 Kc7 35. Rd2 Rh5 36. Kf4 f6 37. Kg4
Rd5 {White resigns} 0-1

[Event "ICC tourney 1877 (15 10)"]
[Site "Internet Chess Club"]
[Date "2020.06.14"]
[Round "5"]
[White "TarraschKan"]
[Black "Gurru235088"]
[Result "0-1"]
[ICCResult "White resigns"]
[WhiteElo "1361"]
[BlackElo "1451"]
[Opening "French: Winawer, advance, 5.a3"]
[ECO "C17"]
[NIC "FR.10"]
[Time "17:41:22"]
[TimeControl "900+10"]

1. e4 e6 2. d4 d5 3. Nc3 Bb4 4. e5 c5 5. a3 Ba5 6. Qg4 Kf8 7. Bd2 Nc6 8.
dxc5 Nxe5 9. Qg3 Nc6 10. Nf3 Nf6 11. O-O-O Bc7 12. Bf4 Nh5 13. Bxc7 Nxg3 14.
Bxd8 Nxh1 15. Bh4 h6 16. Bd3 g5 17. Bg3 Nxg3 18. hxg3 Bd7 19. Rh1 Kg7 20.
Ne2 Rae8 21. Re1 e5 22. Nd2 e4 23. Bb5 a6 24. Ba4 f5 25. Nc3 Be6 26. Bb3 d4
27. Nd5 Bxd5 28. Bxd5 Rd8 29. Bxc6 bxc6 30. Nc4 Rd5 31. b4 f4 32. gxf4 gxf4
33. Rxe4 Rf8 34. Re6 Rf6 35. Re7+ Kf8 36. Ra7 f3 37. gxf3 Rxf3 38. Rxa6 Rf6
39. Nd6 h5 40. Ra8+ Ke7 41. Re8+ Kd7 42. Rh8 Rxf2 43. Rh7+ Ke6 44. Rh6+ Rf6
45. Rh8 d3 46. cxd3 Rxd3 47. Re8+ Kd7 48. Rh8 Rxa3 49. Rxh5 Ra2 50. Rh7+ Ke6
51. Rh1 Ra1+ 52. Kb2 Rxh1 {White resigns} 0-1

[Event "ICC tourney 1877 (15 10)"]
[Site "Internet Chess Club"]
[Date "2020.06.14"]
[Round "5"]
[White "omegablitz"]
[Black "albli"]
[Result "1-0"]
[ICCResult "Black resigns"]
[WhiteElo "1459"]
[BlackElo "1473"]
[Opening "QGD: exchange, positional line"]
[ECO "D35"]
[NIC "QO.16"]
[Time "17:43:37"]
[TimeControl "900+10"]

1. d4 d5 2. c4 e6 3. Nc3 Nf6 4. cxd5 exd5 5. Bg5 Nbd7 6. e3 Be7 7. Nf3 O-O
8. Be2 c6 9. O-O h6 10. Bh4 Ne4 11. Bxe7 Nxc3 12. Bxd8 Nxd1 13. Be7 Nxb2 14.
Bxf8 Nxf8 15. Rab1 Na4 16. Rfc1 Nb6 17. Ne5 f6 18. Nf3 Bg4 19. h3 Bh5 20.
Kf1 Bg6 21. Rb2 Ne6 22. a4 Nd8 23. a5 Nd7 24. Nh4 Bh7 25. Bg4 Nf8 26. Be2 g5
27. Nf3 Kf7 28. Ke1 f5 29. Ne5+ Ke6 30. Kd2 Ng6 31. Nxg6 Bxg6 32. Bd3 Rc8
33. g4 Kf6 34. gxf5 Bxf5 35. Bxf5 Kxf5 36. Rcb1 Rc7 37. a6 b6 38. Ra1 Rc8
39. Kd3 Ne6 40. Rc2 c5 41. dxc5 Nxc5+ 42. Ke2 Re8 43. Rd1 Re5 44. Ra2 Ne4
45. Rc2 Nc5 46. Rcd2 Ne4 47. Rc2 Nc5 48. f3 Ke6 49. Kf2 Kf5 50. Rcd2 Ke6 51.
Ra2 Rf5 52. Ra3 h5 53. Kg3 h4+ 54. Kg4 Nd7 55. f4 Nf6+ 56. Kf3 Nh5 57. Rd4
Kd6 58. Rc3 Nf6 59. Rc8 gxf4 60. Rxf4 Rxf4+ 61. Kxf4 b5 62. Ra8 b4 63. Rxa7
Kc5 64. Rb7 {Black resigns} 1-0

[Event "ICC tourney 1877 (15 10)"]
[Site "Internet Chess Club"]
[Date "2020.06.14"]
[Round "5"]
[White "brfong"]
[Black "VeronicaG"]
[Result "0-1"]
[ICCResult "White resigns"]
[WhiteElo "1469"]
[BlackElo "1568"]
[Opening "Queen's pawn game"]
[ECO "D02"]
[NIC "QP.09"]
[Time "17:41:31"]
[TimeControl "900+10"]

1. Nf3 d5 2. d4 e6 3. Bf4 Nf6 4. e3 Be7 5. Nbd2 O-O 6. Bd3 Nbd7 7. Qe2 c5 8.
c3 b6 9. h3 Bb7 10. Bh2 Re8 11. O-O Nf8 12. e4 dxe4 13. Nxe4 Nxe4 14. Bxe4
Bxe4 15. Qxe4 Ng6 16. Rfd1 c4 17. d5 exd5 18. Rxd5 Qc8 19. Rad1 Bc5 20. Qc2
Qe6 21. Bg3 Qf6 22. Qa4 Nf4 23. Bxf4 Qxf4 24. Nd4 Rac8 25. Qd7 g6 26. Qb5
Re4 27. Qxc4 Rce8 28. Qf1 Qf6 29. Nb3 Qxf2+ 30. Qxf2 Re1+ 31. Rxe1 Rxe1+ 32.
Kh2 Bxf2 33. Nd4 Rb1 34. Rb5 Bxd4 35. cxd4 Rd1 36. Rd5 Rd2 37. Rd7 a6 38. b4
Rxa2 39. Rd6 b5 40. Kg3 Kf8 41. Kf4 Ke7 42. Rc6 Kd7 43. Rf6 Rf2+ 44. Ke5
Re2+ 45. Kd5 Ke7 46. Rxa6 Rxg2 47. Ra7+ Kf6 48. Rb7 Rg5+ 49. Kc6 Rh5 50.
Rxb5 Rxh3 51. Rd5 Rc3+ 52. Rc5 Rd3 53. d5 h5 54. b5 h4 55. b6 h3 56. b7 h2
57. b8=Q h1=Q 58. Qf4+ Kg7 59. Qe5+ Kh7 60. Rc2 Rh3 61. Rf2 Qc1+ 62. Kd7 f5
63. Rxf5 Re3 64. Rf7+ Kh6 65. Qf4+ g5 66. Rh7+ Kxh7 67. Qxg5 Qc3 68. Qh4+
Kg6 69. Qg4+ Kh6 70. Qh4+ Kg6 71. Qg4+ Kf7 72. Qf4+ Kg8 73. Qg5+ Kh7 74.
Qh4+ Kg8 75. Qg5+ Qg7+ 76. Qxg7+ Kxg7 77. d6 Kf7 78. Kc7 Rd3 79. d7 Ke7
{White resigns}
0-1

[Event "ICC tourney 1877 (15 10)"]
[Site "Internet Chess Club"]
[Date "2020.06.14"]
[Round "5"]
[White "capetarget"]
[Black "PhaseShift"]
[Result "0-1"]
[ICCResult "White resigns"]
[WhiteElo "1308"]
[BlackElo "1687"]
[Opening "Sicilian: accelerated fianchetto, modern variation with Bc4"]
[ECO "B35"]
[NIC "SI.31"]
[Time "17:40:54"]
[TimeControl "900+10"]

1. e4 c5 2. Nf3 Nc6 3. Nc3 g6 4. d4 cxd4 5. Nxd4 Bg7 6. Be3 Nf6 7. Bc4 Qa5
8. O-O O-O 9. Bb3 d6 10. Qd2 Bd7 11. Rad1 a6 12. f3 Qc7 13. Kh1 Rac8 14. Qf2
Ne5 15. Qe2 Nc4 16. Bxc4 Qxc4 17. Qxc4 Rxc4 18. Nb3 b5 19. Bd4 Be6 20. Rd2
Rfc8 21. Na5 R4c7 22. a3 Nd7 23. Bxg7 Kxg7 24. Rc1 Nb6 25. Ne2 Na4 26. c3
Nb6 27. Nd4 Bd7 28. g3 Nc4 29. Nxc4 bxc4 30. Nc2 Rb7 31. Nb4 a5 32. Nd5 Kf8
33. Ne3 Be6 34. Rf1 Rcb8 35. Rff2 f6 36. Kg2 Rb5 37. f4 Bf7 38. Kf3 Ke8 39.
Ng4 f5 40. exf5 gxf5 41. Ne3 Bh5+ 42. Kg2 Bf7 43. Kh3 Kd7 44. Kh4 h6 45. h3
h5 46. g4 hxg4 47. hxg4 fxg4 48. Kxg4 Rg8+ 49. Kf3 Bh5+ 50. Ke4 Rc5 51. Rg2
Rxg2 52. Rxg2 d5+ 53. Nxd5 Rxd5 54. Kxd5 Bf3+ 55. Kxc4 Bxg2 56. Kb5 Ke6 57.
Kxa5 Kf5 58. c4 Kxf4 59. c5 e5 60. Kb6 e4 61. c6 e3 62. c7 Bh3 63. a4 e2 64.
a5 e1=Q 65. a6 Qb4+ 66. Ka7 Qc5+ 67. Kb7 Bg2+ 68. Kc8 Qf8+ 69. Kd7 Bh3+ 70.
Kc6 Qa8+ 71. Kb6 Bc8 72. b4 Qxa6+ 73. Kc5 Qb7 74. b5 Qxc7+ 75. Kb4 Qb6 76.
Ka4 Bd7 77. Ka3 Qxb5 {White resigns} 0-1

[Event "ICC tourney 1877 (15 10)"]
[Site "Internet Chess Club"]
[Date "2020.06.14"]
[Round "5"]
[White "justice02"]
[Black "AbruptFir"]
[Result "0-1"]
[ICCResult "White resigns"]
[WhiteElo "1564"]
[BlackElo "1275"]
[Opening "Sicilian defense"]
[ECO "B40"]
[NIC "SI.43"]
[Time "17:41:25"]
[TimeControl "900+10"]

1. e4 c5 2. Nf3 e6 3. Be2 Nc6 4. c3 Qc7 5. d4 Nf6 6. Nbd2 Be7 7. O-O O-O 8.
Re1 cxd4 9. cxd4 b6 10. a3 Rb8 11. b4 Bb7 12. Bb2 Rbc8 13. Rc1 Qb8 14. Bd3
d6 15. Qe2 e5 16. d5 Nd8 17. b5 Nd7 18. Qe3 Nc5 19. Bc4 f6 20. Nh4 Nf7 21.
Nf5 Qc7 22. Qg3 g6 23. Nxe7+ Qxe7 24. f4 Nh6 25. f5 g5 26. Ba2 Nf7 27. h4 h6
28. Nf3 Kh7 29. hxg5 Nxg5 30. Nxg5+ fxg5 31. Rc3 Na4 32. Rxc8 Rxc8 33. Re2
Qf7 34. Qf3 Nxb2 35. Rxb2 Rc1+ 36. Kh2 h5 37. Qe3 Rc8 38. Qxg5 Rg8 39. Qh4
Rg4 40. Qe1 Qf6 41. Rc2 Qg7 42. Qc1 Kg8 43. Qe3 Kh7 44. Bc4 Kg8 45. Bd3 Kh7
46. Qh3 Rg5 47. Rf2 Qf6 48. Rf3 Bc8 49. Be2 Bd7 50. Rg3 Rxg3 51. Qxh5+ Qh6
52. Qxh6+ Kxh6 53. Kxg3 Kg5 54. a4 Be8 55. Bf3 Bd7 56. Kf2 Be8 57. Ke3 Bd7
58. Kd3 Be8 59. Kc3 Bd7 60. Kb4 Be8 61. a5 Bf7 62. axb6 axb6 63. Kc4 Be8 64.
Kd3 Bf7 65. Ke3 Be8 66. Be2 Bf7 67. Bd3 Bh5 68. Kf2 Kf6 69. Be2 Bf7 70. Kg3
Kg5 71. f6 Kxf6 72. Kg4 Kg6 73. g3 Be8 74. Kh4 Kh6 75. g4 Kg6 76. g5 Kg7 77.
Kg3 Kg6 78. Kg4 Bd7+ 79. Kh4 Kg7 80. Bc4 Kg6 81. Bd3 Kg7 82. Kh5 Be8+ 83.
Kg4 Kg6 84. Be2 Bd7+ 85. Kh4 Kh7 86. Bg4 Bxb5 87. Bf5+ Kg7 88. Kh5 Be8+ 89.
g6 b5 90. Bg4 Bxg6+ 91. Kg5 Bxe4 92. Be2 b4 93. Bc4 Bc2 94. Kg4 b3
{White resigns}
0-1